 Dungeon Crawl Stone Soup version 0.23-a0-183-gf37f6fb (webtiles) character file.

79 4thArraOfDagon the Slasher (level 4, -1/33 HPs)
             Began as a Mummy Warper on Sept 21, 2018.
             Killed by divine providence
             ... invoked by an orc priest
              (11 damage)
             ... on level 3 of the Dungeon.
             The game lasted 00:03:25 (1044 turns).

4thArraOfDagon the Slasher (Mummy Warper)           Turns: 1044, Time: 00:03:26

Health: -1/33      AC:  4    Str: 14    XL:     4   Next: 17%
Magic:  8/8        EV: 11    Int: 13    God:
Gold:   15         SH:  0    Dex: 11    Spells: 8/8 levels left

rFire    . . .     SeeInvis .   a - +0 falchion
rCold    + . .     Gourm    .   (no shield)
rNeg     + + +     Faith    .   b - +0 leather armour
rPois    ∞         Spirit   .   c - +0 helmet
rElec    .         Reflect  .   (no cloak)
rCorr    .         Harm     .   (no gloves)
MR       .....                  (no boots)
Stlth    ..........             (no amulet)
HPRegen  0.11/turn              f - ring of attention (curse)
MPRegen  0.11/turn              e - ring of protection from fire

@: no status effects
A: no food or potions, fire vulnerability, cold resistance 1, negative energy
resistance 3, torment resistance, unbreathing
a: no special abilities


You were on level 3 of the Dungeon.
You were not hungry.

You visited 1 branch of the dungeon, and saw 4 of its levels.

You collected 15 gold pieces.

Inventory:

Hand Weapons
 a - a +0 falchion (weapon)
Missiles
 d - 52 stones (quivered)
Armour
 b - a +0 leather armour (worn)
 c - a +0 helmet (worn)
Jewellery
 e - a ring of protection from fire (right hand)
 f - a cursed ring of attention (left hand)


   Skills:
 - Level 2.0 Fighting
 * Level 3.7 Long Blades
 - Level 0.7 Throwing
 - Level 0.7 Armour
 - Level 1.5 Dodging
 - Level 2.6 Spellcasting
   Level 2.4 Translocations


You had 8 spell levels left.
You didn't know any spells.
Your spell library contained the following spells:

 Spells                   Type           Power        Failure   Level  Hunger
 Blink                    Tloc           N/A          17%         2    N/A
 Shroud of Golubria       Chrm/Tloc      #.........   28%         2    N/A
 Gell's Gravitas          Tloc           #.........   32%         3    N/A
 Lesser Beckoning         Tloc           #.........   32%         3    N/A
 Teleport Other           Tloc           #.......     32%         3    N/A
 Passage of Golubria      Tloc           N/A          73%         4    N/A

Dungeon Overview and Level Annotations

Branches:
Dungeon (4/15)
 Temple: D:4-7

Altars:
Ashenzari
Dithmenos
Xom


Innate Abilities, Weirdness & Mutations

You do not eat or drink.
Your flesh is vulnerable to fire.
You are immune to poison.
Your flesh is cold resistant. (rC+)
You are immune to negative energy. (rN+++)
You are immune to unholy pain and torment.
You can survive without breathing.


Message History

The orc shouts!
You hear a shout!
The orc priest hits you with a flail.
Unknown command.
You hit the orc priest but do no damage.
The orc priest hits you with a flail.
Unknown command.
You barely miss the orc priest.
An orc wizard comes into view. It is wielding a dagger.
Unknown command.
The orc priest casts a cantrip, but nothing happens.
The orc wizard gestures wildly while chanting.
The orc wizard blinks!
The orc priest mumbles some strange prayers to Beogh against you.
Beogh smites you!
* * * LOW HITPOINT WARNING * * *
The orc priest looks satisfied for a moment.
You see here a robe.
The orc priest mumbles some strange prayers to Beogh against you.
Beogh smites you!
You die...

#.#.##.# #.## #.#
#.#..).# #.o# #.#
#.#########.####.#
#.......)÷.......#
###########..#####
...........# #
########...# #.#
##.o# ..
#.@###.#####
#...(.......
#.####.####. ....
# ####% . ..


You could see an orc priest and an orc.

Vanquished Creatures
  Jessica (D:3)
  2 adders (D:3)
  A shadow imp (D:3)
  An ooze (D:1)
  A leopard gecko (D:3)
  2 orcs (D:3)
  2 giant cockroaches
  A hobgoblin (D:2)
  2 kobolds (D:1)
  A quokka (D:2)
  A ball python (D:3)
  3 bats
  A frilled lizard (D:1)
  3 goblins
  2 rats
24 creatures vanquished.

Notes
Turn   | Place    | Note
-------+----------+-------------------------------------------
     0 | D:1      | 4thArraOfDagon the Mummy Warper began the quest for the
                  | Orb.
     0 | D:1      | Reached XP level 1. HP: 16/16 MP: 4/4
    19 | D:1      | Reached skill level 2 in Long Blades
    55 | D:2      | Found a shimmering altar of Xom.
    55 | D:2      | Found a shattered altar of Ashenzari.
   150 | D:1      | Reached XP level 2. HP: 18/22 MP: 5/5
   572 | D:3      | Reached XP level 3. HP: 25/27 MP: 7/7
   604 | D:3      | Found a shadowy altar of Dithmenos.
   622 | D:3      | Reached skill level 3 in Long Blades
   750 | D:3      | Noticed Jessica
   769 | D:3      | Killed Jessica
   769 | D:3      | Reached XP level 4. HP: 24/33 MP: 8/8
  1044 | D:3      | Killed from afar by an orc priest

Vault maps used:
D:1:      ebering_hopf_link
D:2:      grunt_temple_overflow_open, kennysheep_decorative_pillar,
          trog_three_pillars_becter
D:3:      grunt_dithmenos_smoke_and_mirrors, uniq_crazy_yiuf_cottage,
          uniq_jessica
D:4:      gammafunk_temple_overflow_statue, vehumet_altar_wand_db,
          gammafunk_ghost_necromancy, corexii_corridor_pit

Skill      XL: |  1  2  3 |
---------------+----------+-----
Long Blades    | 2 3 |  3.7
Fighting       | |  2.0
Throwing       | |  0.7
Armour         | |  0.7
Dodging        | |  1.5
Spellcasting   | |  2.6
Translocations | |  2.4

Action                   |  1- 3 |  4- 6 || total
-------------------------+-------+-------++-------
Melee: Falchion          |    83 |     9 ||    92
Throw: Stone             |     7 |    25 ||    32
       Tomahawk          |     2 |     3 ||     5
  Use: Scroll            |     1 |     1 ||     2
Armor: Leather armour    |    35 |     1 ||    36
Dodge: Dodged            |    43 |    17 ||    60
       Rpst.: Falchion   |    13 |     3 ||    16

Table legend:
 A = Non-vault XP
 B = Vault XP
 C = Vault XP percentage of total XP
 D = Non-vault monster count
 E = Vault monster count
 F = Vault count percentage of total count
                 A         B        C        D         E       F
            +---------+---------+-------+---------+---------+-------
      Total |      77 |      37 |  32.5 |      23 |       1 |   4.2
            +---------+---------+-------+---------+---------+-------
        D:1 |      19 |       0 |   0.0 |      10 |       0 |   0.0
        D:2 |       7 |       0 |   0.0 |       4 |       0 |   0.0
        D:3 |      51 |      37 |  42.0 |       9 |       1 |  10.0
            +---------+---------+-------+---------+---------+-------
